[Event "Late-Titled-Tuesday-Blitz-June-18-2024"]
[Site "Chess.com"]
[Date "2024.06.18"]
[Round "2"]
[White "VacheH009"]
[Black "szefru"]
[Result "1-0"]
[WhiteElo "2528"]
[BlackElo "2328"]
[TimeControl "180+1"]
[EndTime "14:19:18 PDT"]
[Termination "VacheH009 won by resignation"]

1. c4 Nf6 2. Nc3 g6 3. g3 Bg7 4. Bg2 O-O 5. d4 c6 6. Nf3 d6 7. O-O a6 8. h3 b5 9. b3 Be6 10. Qd3 b4 11. Na4 Bf5 12. Qd1 Nbd7 13. Bb2 h5 14.
Nd2 d5 15. cxd5 cxd5 16. Rc1 Rc8 17. Nf3 Ne4 18. Ne5 Nxe5 19. dxe5 Be6 20. Qd4 Qa5 21. Qb6 Qb5 22. e3 Nc3 23. Qxb5 Nxb5 24. Nb6 Rcd8 25. Rfd1 Nc3 26. Bxc3 bxc3 27. Rxc3 Bxe5 28. Rcd3 Rc8 29. Nxc8 Rxc8 30. Bxd5 Bxh3 31. Bg2 Bg4 32. Re1 Rc2 33. a3 Rb2 34. b4 Kg7 35. Rc1 Bf5 36. e4 Be6 37. Rcd1 Bb3 38. Rc1 Be6 39. Rc6 a5 40.
bxa5 Rb1+ 41. Kh2 h4 42. a6 hxg3+ 43. fxg3 Rb2 44. a7 1-0

[Event "Late-Titled-Tuesday-Blitz-June-18-2024"]
[Site "Chess.com"]
[Date "2024.06.18"]
[Round "2"]
[White "DryCounty"]
[Black "Grischuk"]
[Result "0-1"]
[WhiteElo "2649"]
[BlackElo "3129"]
[TimeControl "180+1"]
[EndTime "14:19:19 PDT"]
[Termination "Grischuk won on time"]

1. e4 e5 2. Nf3 Nc6 3. Nc3 Nf6 4. Be2 Bd6 5. d3 O-O 6. Bg5 h6 7. Bh4 Be7 8. O-O d6 9. d4 Bg4 10. dxe5 dxe5 11. Qxd8 Rfxd8 12. Bxf6 Bxf6 13. Nd5 Bxf3 14. Bxf3 Nd4 15. Bd1 c6 16. Nxf6+ gxf6 17. c3 Ne6 18. Bg4 Rd2 19. Rab1 Rad8 20. Rfd1 Nc5 21. Rxd2 Rxd2 22. Bf5 Na4 23. Kf1 Nxb2 24. Bc8 b6 25. Ke1 Rc2 26. Ba6 b5 27. Bb7 Nd3+ 28. Kd1 Rxa2 29. Bxc6 a6 30. c4 Nxf2+ 31. Ke1 Nd3+ 32. Kf1 b4 33. c5 a5 34.
Bd5 Rc2 35. c6 a4 36. Rd1 b3 37. Rxd3 b2 38. Ba2 Rxc6 39. Rd8+ Kg7 40. Rb8 a3 41.
Ke2 Rc1 42. Kd2 Ra1 0-1

[Event "Late-Titled-Tuesday-Blitz-June-18-2024"]
[Site "Chess.com"]
[Date "2024.06.18"]
[Round "2"]
[White "randomo"]
[Black "SHIVACalypso"]
[Result "0-1"]
[WhiteElo "2308"]
[BlackElo "2519"]
[TimeControl "180+1"]
[EndTime "14:19:19 PDT"]
[Termination "SHIVACalypso won by resignation"]

1. e4 e6 2. d4 d5 3. Nc3 Bb4 4. exd5 exd5 5. Qf3 Nc6 6. Bb5 Ne7 7. Ne2 Be6 8. Bd2 a6 9. Bd3 Qd7 10. a3 Bd6 11. Bf4 Nf5 12. Bxf5 Bxf5 13. Bxd6 cxd6 14. Nxd5 Bxc2 15. Nb6 Qe7 16. Nxa8 O-O 17. O-O Qd8 18. Qc3 Bg6 19. Nf4 Qxa8 20. Nxg6 fxg6 21. Rfe1 Qd8 22. Qb3+ Kh8 23. Qxb7 Nxd4 24. Rad1 Qh4 25. Rd2 Qf4 26. Qb4 Nf3+ 27. gxf3 Qxf3 28. Re3 Qf5 29. Qxd6 h5 30. Rde2 Rf6 31. Re8+ Kh7 32. Qg3 Qb1+ 33. Kg2 Rf5 34. R8e5 Rf6 35. Re8 Qc1 36. h4 Rf4 37. R8e6 Rg4 38. f3 Rxg3+ 39. Kxg3 Qg1+ 40. Kf4 Qh2+ 41. Ke3 Qxh4 42. Kd2 Qg5+ 43. Kc2 Qf5+ 44. Kc1 Qxf3 45. R6e3 Qf1+ 46. Kc2 Qf5+ 47. Kb3 g5 48. Ka2 Qf7+ 49. Re6 g4 50. Kb1 g3 51. R6e5 Qg6+ 52. Ka1 g2 53.
Rxh5+ Qxh5 54. Rxg2 Qh1+ 0-1

[Event "Late-Titled-Tuesday-Blitz-June-18-2024"]
[Site "Chess.com"]
[Date "2024.06.18"]
[Round "2"]
[White "sansanathalia"]
[Black "OIAM03"]
[Result "1-0"]
[WhiteElo "2439"]
[BlackElo "2030"]
[TimeControl "180+1"]
[EndTime "14:19:19 PDT"]
[Termination "sansanathalia won on time"]

1. e4 c5 2. Nf3 d6 3. d4 cxd4 4. Qxd4 Nc6 5. Bb5 Bd7 6. Bxc6 Bxc6 7. Nc3 Nf6 8. Bg5 Nd7 9. O-O-O Qb6 10. Qd2 O-O-O 11.
Nd4 h6 12. Be3 Nc5 13. f3 g6 14. Nxc6 Qxc6 15. Nd5 e6 16. Nb4 Qc7 17. Qc3 Rg8 18. Qa3 Kb8 19. Kb1 Bg7 20. Nd3 Nxd3 21. Rxd3 a6 22. Rb3 Ka8 23. Bb6 Qc6 24. Bxd8 Rxd8 25. Qb4 Rc8 26. Rc1 d5 27. Rd3 dxe4 28. Qxe4 Qxe4 29. fxe4 Be5 30. g3 h5 31. Rf1 f6 32. c3 h4 33. gxh4 Rh8 34. Rh3 g5 35. Rd3 Rxh4 36. Rd8+ Ka7 37. Re8 Rxh2 38. Rxe6 g4 39. Re8 g3 40. Rg8 g2 41. Rg1 Bf4 42. R8xg2 1-0

[Event "Late-Titled-Tuesday-Blitz-June-18-2024"]
[Site "Chess.com"]
[Date "2024.06.18"]
[Round "2"]
[White "AungTZ"]
[Black "A4RookA3"]
[Result "0-1"]
[WhiteElo "1974"]
[BlackElo "2431"]
[TimeControl "180+1"]
[EndTime "14:19:19 PDT"]
[Termination "A4RookA3 won on time"]

1. e4 Nf6 2. e5 Nd5 3. d4 d6 4. c4 Nb6 5. Nf3 g6 6. Nc3 Bg7 7. Bf4 O-O 8. Qd2 Nc6 9. O-O-O Bg4 10. exd6 cxd6 11. Bh6 Rc8 12. Bxg7 Kxg7 13. Be2 Bxf3 14.
gxf3 d5 15. c5 Nd7 16. h4 h5 17. Nxd5 e5 18. dxe5 Ncxe5 19. Kb1 Rxc5 20. f4 Nc6 21. Nc3 Ncb8 22. Bb5 Rc7 23. Nd5 Rc5 24. Qd4+ Kh6 25. Bxd7 Nxd7 26. f5 Qa5 27. Nc3 Nb6 28. fxg6 fxg6 29.
Qe3+ Kh7 30. Qe7+ Kg8 31. Rhg1 g5 32. hxg5 Rf7 33. Qe8+ Kg7 34. g6 Rfc7 35. Qe6 Rxc3 36. bxc3 Qb5+ 37. Qb3 Qc5 38. Qb2 Nc4 39. Qb4 Qc6 40.
Rd6 Qf3 41. Rgd1 Qf5+ 0-1

[Event "Late-Titled-Tuesday-Blitz-June-18-2024"]
[Site "Chess.com"]
[Date "2024.06.18"]
[Round "2"]
[White "Evan_Attaker"]
[Black "yobdc"]
[Result "0-1"]
[WhiteElo "2740"]
[BlackElo "2551"]
[TimeControl "180+1"]
[EndTime "14:19:21 PDT"]
[Termination "yobdc won by checkmate"]

1. a3 g6 2. h4 Nf6 3. b4 Bg7 4. Bb2 h5 5. Nf3 d6 6. e3 a5 7.
d3 e5 8. Nbd2 Nc6 9. b5 Ne7 10.
c4 O-O 11. Be2 Ng4 12. Qc2 a4 13. Ng5 Nf5 14. g3 Bh6 15. Nde4 f6 16. Nf3 Nfxe3 17. fxe3 Nxe3 18. Qc3 d5 19. cxd5 Nxd5 20. Qc2 Be3 21. Bc1 Bd4 22. Nxd4 exd4 23. O-O f5 24. Bh6 Re8 25.
Ng5 Qd6 26. Rf3 Nc3 27. Bf1 b6 28. Bg2 Re2 29. Qc1 Bb7 30. Qf1 Rae8 31. Kh2 R8e3 32.
Nh3 Bxf3 33. Bxe3 Rxg2+ 34. Qxg2 Bxg2 35. Bf4 Qd5 36. Ng5 Bf3 37. Rf1 Bg4 38. Re1 Qd7 39.
Re6 Nd5 40. Rxg6+ Kf8 41. Be5 Qxb5 42. Ne6+ Ke8 43. Ng7+ Kf7 44. Rg5 Qb2+ 45. Kg1 Qc1+ 46. Kf2 Qe3+ 47. Kf1 Bh3# 0-1

[Event "Late-Titled-Tuesday-Blitz-June-18-2024"]
[Site "Chess.com"]
[Date "2024.06.18"]
[Round "2"]
[White "AsaHoffmann"]
[Black "biostatistician"]
[Result "0-1"]
[WhiteElo "2354"]
[BlackElo "2577"]
[TimeControl "180+1"]
[EndTime "14:19:22 PDT"]
[Termination "biostatistician won by resignation"]

1. d4 Nf6 2. Bg5 Ne4 3. Bf4 d5 4. f3 Nd6 5. Nc3 e6 6. e4 c6 7.
Bd3 Be7 8. Nge2 Nd7 9. Qd2 Nb6 10. b3 a5 11. a4 Bd7 12. O-O Ndc8 13. Nd1 Bd6 14. e5 Bb4 15. c3 Be7 16. Be3 Rb8 17.
f4 Na8 18. f5 exf5 19. Bxf5 Bxf5 20. Rxf5 O-O 21. Ng3 Nc7 22. Nf2 Ne6 23. Rf1 Bh4 24.
Ng4 Ne7 25. Nh5 Nxf5 26. Rxf5 Kh8 27. g3 Be7 28. Qf2 Qe8 29. Ngf6 gxf6 30. Nxf6 Bxf6 31.
Rxf6 b5 32. Bh6 Qe7 33. Qf5 bxa4 34. bxa4 c5 35. Be3 cxd4 36. Rh6 f6 37. exf6 dxe3 38.
Qe5 Qf7 39. Qxe3 Rbe8 40. Qd3 Ng5 41. h4 Ne4 42. Kg2 Rd8 43. Qd4 Rde8 44. g4 Re6 45. g5 Ree8 46. g6 Qxf6 47. Rxh7+ Kg8 48. Qxd5+ Re6 49. Rf7 Qxg6+ 50. Kh1 Rxf7 0-1

[Event "Late-Titled-Tuesday-Blitz-June-18-2024"]
[Site "Chess.com"]
[Date "2024.06.18"]
[Round "2"]
[White "Omranalhosani21"]
[Black "Mischuk_D"]
[Result "1-0"]
[WhiteElo "2551"]
[BlackElo "2744"]
[TimeControl "180+1"]
[EndTime "14:19:23 PDT"]
[Termination "Omranalhosani21 won on time"]

1. e4 e5 2. Nf3 Nc6 3. Bb5 a6 4. Ba4 Nf6 5. O-O b5 6. Bb3 Bc5 7. c3 d6 8. d4 Bb6 9. h3 O-O 10. a4 Rb8 11. Be3 Na5 12. Bc2 Bb7 13. dxe5 dxe5 14. Bxb6 cxb6 15. axb5 axb5 16. Nxe5 Bxe4 17. Qxd8 Rbxd8 18. Bxe4 Nxe4 19. b4 Nc4 20. Nxc4 bxc4 21. Na3 Rc8 22. Nb5 Rfd8 23. Rfe1 Nf6 24. Ra7 Rd7 25. Rxd7 Nxd7 26. Nd6 Rd8 27. Nxc4 Rc8 28. Re7 Rxc4 29. Rxd7 g6 30. Rd3 Re4 31. Re3 Rc4 32. Kf1 Kf8 33. Ke2 Rc6 34. Kd3 Rd6+ 35. Kc4 h5 36. Kb5 Kg7 37. c4 g5 38. c5 bxc5 39.
bxc5 Rd2 40. c6 Rb2+ 41. Kc4 Rb8 42. Kc5 Rb2 43. Rc3 Rb8 44. c7 Rg8 45. Kd6 1-0

[Event "Late-Titled-Tuesday-Blitz-June-18-2024"]
[Site "Chess.com"]
[Date "2024.06.18"]
[Round "2"]
[White "kleber2007"]
[Black "Arteler"]
[Result "1-0"]
[WhiteElo "2482"]
[BlackElo "2202"]
[TimeControl "180+1"]
[EndTime "14:19:23 PDT"]
[Termination "kleber2007 won on time"]

1. Nf3 Nf6 2. g3 g6 3. b3 Bg7 4. Bb2 O-O 5. Bg2 Nc6 6. d4 d5 7.
O-O Ne4 8. c4 Be6 9. cxd5 Bxd5 10. e3 Qd6 11. Nbd2 Rfe8 12. a3 e5 13. Nxe4 Bxe4 14. dxe5 Nxe5 15. Nxe5 Bxg2 16. Qxd6 cxd6 17. Kxg2 dxe5 18. Rac1 Rac8 19. Rfd1 Red8 20. Rd7 Rb8 21. Rcc7 Rxd7 22. Rxd7 Kf8 23. a4 Ke8 24. Rc7 a6 25.
Ba3 Bf8 26. Bxf8 Kxf8 27. Kf3 b5 28. a5 b4 29. Ra7 Rc8 30. Rxa6 Rc3 31. Rb6 Rxb3 32.
a6 Ra3 33. g4 Kg7 34. g5 h6 35. h4 hxg5 36. hxg5 b3 37. Ke4 b2 38. Rxb2 Rxa6 39. Kxe5 Re6+ 40. Kf4 Ra6 41. Rb7 Ra4+ 42. e4 Ra2 43. f3 Ra3 44. Rc7 Ra4 45. Kg4 Ra6 46.
Rb7 Ra4 47. Kf4 Ra6 48. e5 Re6 49. Ke4 Ra6 50. f4 Re6 51. Rd7 Ra6 52. Rd6 Ra4+ 53. Kf3 Ra3+ 54. Kg4 Ra1 55. Rd7 Rg1+ 56. Kf3 Ra1 57.
e6 Ra3+ 58. Kg4 1-0

[Event "Late-Titled-Tuesday-Blitz-June-18-2024"]
[Site "Chess.com"]
[Date "2024.06.18"]
[Round "2"]
[White "malakismayil"]
[Black "tactic"]
[Result "1-0"]
[WhiteElo "2555"]
[BlackElo "2752"]
[TimeControl "180+1"]
[EndTime "14:19:24 PDT"]
[Termination "malakismayil won by checkmate"]

1. e4 d5 2. exd5 c6 3. d6 e5 4. Nc3 Bxd6 5. Nf3 Nf6 6. d3 O-O 7. Be2 c5 8. O-O b6 9. Be3 Bb7 10. Nd2 Nc6 11. Bf3 Qe7 12. Nc4 Bc7 13. Bg5 Bd8 14.
Re1 h6 15. Bxf6 Qxf6 16. Nxe5 Bc7 17. Nxc6 Bxc6 18. Bxc6 Qxc6 19. Qh5 f5 20. Re2 Bd8 21. Rae1 Bf6 22. Re6 Qd7 23. g3 Bd4 24. Re7 Qc6 25. R1e6 Qc8 26. Qg6 Qd8 27. Rb7 Bf6 28. Ne2 Qd5 29. Ree7 Bxe7 30. Rxe7 Rf7 31. Re3 Rf6 32. Qh5 Qxa2 33. Nf4 Qf7 34. Qe2 Rd6 35. c4 Rad8 36. Nd5 b5 37. Re7 Qg6 38. Rxa7 bxc4 39.
dxc4 f4 40. Ne7+ Kh7 41. Nxg6 Rxg6 42. Qe4 f3 43. Qxf3 Rd4 44. Kg2 Rxc4 45. Qf5 Rg4 46. Ra6 Rg5 47. Qb1 h5 48. h4 Rg4 49. Rxg6 Rxg6 50.
Qf5 Kh6 51. Qxc5 Rg4 52. Qe3+ Kh7 53. Qd3+ Rg6 54. b4 Kh6 55. Qxg6+ Kxg6 56. b5 Kf5 57. b6 g5 58. b7 gxh4 59. gxh4 Kg4 60. b8=Q Kxh4 61.
Qg3# 1-0

[Event "Late-Titled-Tuesday-Blitz-June-18-2024"]
[Site "Chess.com"]
[Date "2024.06.18"]
[Round "2"]
[White "tptagain"]
[Black "rhungaski"]
[Result "1-0"]
[WhiteElo "2954"]
[BlackElo "2610"]
[TimeControl "180+1"]
[EndTime "14:19:25 PDT"]
[Termination "tptagain won by resignation"]

1. d4 Nf6 2. Nf3 d5 3. e3 c6 4. h3 g6 5. c4 Bg7 6. Nc3 O-O 7. Be2 dxc4 8. Bxc4 b5 9. Be2 Bb7 10. O-O a5 11. b3 Nbd7 12. Bb2 Qb6 13. a4 b4 14. Nb1 Rfd8 15. Nbd2 Rac8 16. Nc4 Qa7 17. Rc1 Ne4 18. Qc2 c5 19. Rfd1 cxd4 20. Nxd4 Ne5 21. Nb5 Qa6 22. Rxd8+ Rxd8 23. Bxe5 Bxe5 24. Nxe5 Rd2 25.
Qc4 Qf6 26. Ng4 Qb2 27. Re1 Bd5 28. Qc8+ Kg7 29. Nd4 h5 30. Ne5 Nc3 31. Nc4 Bxc4 32. Qxc4 e5 33. Bf3 exd4 34. exd4 Qc2 35. Re7 Qb1+ 36. Kh2 Qf5 37. Qc5 Qf4+ 38. Kg1 Rc2 39. Qe5+ Qxe5 40. Rxe5 Rc1+ 41. Kh2 Rc2 42. Rxa5 Rxf2 43.
d5 Rd2 44. Rc5 Rd4 45. a5 Ne4 46. Bxe4 Rxe4 47. a6 Re8 48. d6 Ra8 49. d7 1-0

[Event "Late-Titled-Tuesday-Blitz-June-18-2024"]
[Site "Chess.com"]
[Date "2024.06.18"]
[Round "2"]
[White "King_Deded4d5"]
[Black "simaopdias"]
[Result "1-0"]
[WhiteElo "2481"]
[BlackElo "2198"]
[TimeControl "180+1"]
[EndTime "14:19:29 PDT"]
[Termination "King_Deded4d5 won on time"]

1. d4 Nf6 2. Nf3 e6 3. Bf4 Be7 4. Nbd2 d5 5. h4 Nbd7 6. h5 h6 7. e3 Ne4 8. Bd3 f5 9. Ne5 Nxe5 10. Bxe5 O-O 11. f3 Nd6 12. c4 c5 13. dxc5 Nxc4 14. Nxc4 dxc4 15. Bxc4 Bxc5 16. Qxd8 Rxd8 17. Ke2 Kf7 18.
Rhd1 Re8 19. a3 a6 20. b4 Be7 21. Rac1 Rd8 22. Bb3 Rxd1 23. Rxd1 b6 24. Rc1 Bd8 25. Bc7 Bd7 26. Bxd8 Rxd8 27. Rc7 Kf6 28. Bc4 a5 29. Rb7 axb4 30. axb4 Rc8 31. Bd3 Ke7 32. Rxb6 Rc3 33.
Rb7 Kd6 34. Kd2 Ra3 35. b5 e5 36. Bc2 Ra2 37. Kc3 Ra1 38. e4 f4 39. Rb6+ Kc7 40.
Rg6 1-0

[Event "Late-Titled-Tuesday-Blitz-June-18-2024"]
[Site "Chess.com"]
[Date "2024.06.18"]
[Round "2"]
[White "enriquebutti"]
[Black "CruzWilliam"]
[Result "0-1"]
[WhiteElo "2092"]
[BlackElo "2453"]
[TimeControl "180+1"]
[EndTime "14:19:31 PDT"]
[Termination "CruzWilliam won by resignation"]

1. d4 Nf6 2. Nf3 g6 3. c4 Bg7 4. Nc3 O-O 5. e4 d6 6. h3 e5 7. d5 Na6 8. Bg5 h6 9. Be3 Nc5 10. Nd2 a5 11. g4 c6 12. Rb1 cxd5 13. cxd5 Bd7 14. Bxc5 dxc5 15. a4 Ne8 16. Bb5 Nd6 17.
Qe2 Bf6 18. Nc4 Nxc4 19. Qxc4 b6 20. Bxd7 Qxd7 21. Kd1 Bh4 22. f3 f5 23. Kc2 Bf2 24. Qb5 Qd6 25. Qc6 Qxc6 26. dxc6 Bd4 27. Nd5 fxe4 28.
fxe4 c4 29. Rbf1 Kg7 30. c7 Rac8 31. Rxf8 Kxf8 32. Rf1+ Kg7 33. Rf6 Rxc7 34. Rxg6+ Kxg6 35. Nxc7 Kg5 36. Ne6+ Kf6 37. Nc7 Bf2 38. Kc3 Bd4+ 39. Kxc4 Bxb2 40. Nd5+ Kg5 41. Nxb6 Kh4 42. Kd5 Kxh3 43.
Nc4 Bc3 44. Nxe5 Kg3 45. Ng6 Kxg4 46. e5 h5 47. e6 Bf6 48. Ne5+ Kf5 49. Nf3 h4 50.
Kd6 h3 51. e7 Bxe7+ 52. Kxe7 Ke4 53. Nh2 Kd5 54. Kd7 Kc4 55. Kc6 Kb4 56. Kb6 Kxa4 57. Kc5 Kb3 58. Kd4 a4 0-1

[Event "Late-Titled-Tuesday-Blitz-June-18-2024"]
[Site "Chess.com"]
[Date "2024.06.18"]
[Round "2"]
[White "larsmandreassen"]
[Black "AustinThomas12345"]
[Result "1/2-1/2"]
[WhiteElo "2231"]
[BlackElo "2476"]
[TimeControl "180+1"]
[EndTime "14:19:33 PDT"]
[Termination "Game drawn by repetition"]

1. d4 Nf6 2. Nf3 e6 3. Bg5 Be7 4. e3 d5 5. c4 b6 6. Nc3 Bb7 7. Qc2 h6 8. Bh4 Nbd7 9. Bd3 O-O 10. O-O dxc4 11. Bxc4 Bxf3 12. gxf3 Nh5 13. Bg3 Bg5 14. Nb5 Nxg3 15. hxg3 e5 16. Bd5 exd4 17. Bxa8 Qxa8 18. f4 Bf6 19. Nxd4 Bxd4 20. exd4 Nf6 21.
Rac1 Qf3 22. Qc3 Qh5 23. Kg2 Qd5+ 24. f3 Qxa2 25. Rf2 Re8 26. Qxc7 Nd5 27. Qd7 Ne3+ 28. Kh2 Re6 29. Rc8+ Kh7 30. Qxf7 Nf1+ 31. Kg1 Nxg3 32. Qg8+ Kg6 33. Rg2 Re1+ 34. Kh2 Rh1+ 35. Kxg3 Qb1 36.
Kf2+ Kh5 37. Qf7+ g6 38. Qd5+ Kh4 39. Rg4+ Kh3 40. Rg3+ Kh4 41. Rg4+ Kh3 42. Rg3+ Kh4 43. Rg4+ 1/2-1/2

[Event "Late-Titled-Tuesday-Blitz-June-18-2024"]
[Site "Chess.com"]
[Date "2024.06.18"]
[Round "2"]
[White "reevecanada"]
[Black "evgchess5"]
[Result "1/2-1/2"]
[WhiteElo "2615"]
[BlackElo "2916"]
[TimeControl "180+1"]
[EndTime "14:19:34 PDT"]
[Termination "Game drawn by repetition"]

1. b3 d5 2. Bb2 c6 3. e3 Bf5 4. f4 e6 5. Nf3 Nf6 6. g3 Nbd7 7. Bg2 h6 8. O-O Be7 9. h3 Bh7 10. d3 Qc7 11. Nbd2 Bd6 12. Qe2 e5 13. fxe5 Nxe5 14. e4 dxe4 15. dxe4 O-O-O 16. Nxe5 Bxe5 17. Bxe5 Qxe5 18. Qf2 Qd4 19. e5 Qxe5 20. Nf3 Qa5 21. Nd4 Rhe8 22. c4 Qc5 23. Rad1 Ne4 24. Bxe4 Rxe4 25.
Nf3 Qxf2+ 26. Kxf2 Rxd1 27. Rxd1 Kc7 28. g4 f6 29. Rd2 Re7 30. h4 g5 31. hxg5 hxg5 32. Kg3 c5 33. Rh2 Be4 34. Re2 Re6 35. Nd2 Bd5 36. Rxe6 Bxe6 37. Ne4 f5 38. Nxg5 Bc8 39.
gxf5 Bxf5 40. Nf3 Bb1 41. a3 Bc2 42. Nd2 Kd6 43. Kf4 a5 44. a4 Ke6 45. Ne4 b6 46.
Nd2 Kd6 47. Ne4+ Kd7 48. Nd2 Ke6 49. Ke3 Ke5 50. Nf3+ Kf5 51. Nd2 Kg4 52. Ke2 Kf4 53. Kf2 Bd1 54. Ke1 Bc2 55. Ke2 Kf5 56. Kf3 Ke5 57. Ke3 Kf5 58. Kf3 Ke5 59. Ke3 Kf5 60.
Kf3 1/2-1/2

[Event "Late-Titled-Tuesday-Blitz-June-18-2024"]
[Site "Chess.com"]
[Date "2024.06.18"]
[Round "2"]
[White "xasid81"]
[Black "AlivodicDario"]
[Result "0-1"]
[WhiteElo "2570"]
[BlackElo "2379"]
[TimeControl "180+1"]
[EndTime "14:19:34 PDT"]
[Termination "AlivodicDario won by resignation"]

1. e4 e6 2. d4 d5 3. exd5 exd5 4. Nc3 Nf6 5. Nf3 c6 6. Bf4 Bd6 7. Bg3 O-O 8. Bd3 Bg4 9. O-O Re8 10. h3 Bh5 11. Be2 Bxg3 12. fxg3 Qd6 13. g4 Bxg4 14. hxg4 Nxg4 15. Qe1 Ne3 16. Qh4 Nxf1 17. Bxf1 Nd7 18.
Bd3 h6 19. Rf1 Qb4 20. Ne2 Re6 21. Ng3 Nf6 22. Nf5 Rae8 23. Ne5 Rxe5 24. dxe5 Qxh4 25. Nxh4 Rxe5 26. Nf3 Re8 27. b4 Ne4 28. Re1 Kf8 29. Nd4 Nd6 30. Ra1 g6 31. a4 f5 32. a5 a6 33. Kf2 Kg7 34. Nb3 Ne4+ 35. Bxe4 dxe4 36. Nc5 g5 37. Re1 Re7 38. g4 Kf6 39. gxf5 Kxf5 40. Ke3 h5 41. Rf1+ Ke5 42. Nxe4 Kd5 43.
Rf5+ Kc4 44. c3 h4 45. Rxg5 Rh7 46. Rc5+ Kb3 47. Ng5 Rh5 48. Ne4 Rxc5 49. bxc5 Ka4 50. Kd4 Kxa5 51. Kc4 h3 52. Kb3 h2 53. Nf2 Kb5 54.
c4+ Kxc5 55. Kc3 b5 56. Ne4+ Kb6 57. c5+ Ka5 58. Nf2 b4+ 59. Kc4 Ka4 60. Kd3 b3 61.
Kc3 Ka3 0-1

[Event "Late-Titled-Tuesday-Blitz-June-18-2024"]
[Site "Chess.com"]
[Date "2024.06.18"]
[Round "2"]
[White "hoshiboshi"]
[Black "KHBR4"]
[Result "1-0"]
[WhiteElo "2239"]
[BlackElo "2644"]
[TimeControl "180+1"]
[EndTime "14:19:35 PDT"]
[Termination "hoshiboshi won by resignation"]

1. e4 d5 2. exd5 Qxd5 3. d4 Nf6 4. Nc3 Qa5 5. Bc4 c6 6. Nf3 Bg4 7. h3 Bxf3 8. Qxf3 e6 9. Bd2 Qb6 10. O-O-O Qxd4 11. Nb5 cxb5 12. Bxb5+ Nbd7 13. Qxb7 Rd8 14. Ba5 Qf4+ 15. Kb1 Bd6 16. g3 Qe4 17. Qxe4 Nxe4 18.
Rhe1 Ke7 19. Rxe4 Nb6 20. Red4 e5 21. Rxd6 Rxd6 22. Bb4 Rd8 23. a4 a5 24. Ba3 f5 25.
c4 Nc8 26. Kc2 Ke6 27. Rxd6+ Nxd6 28. c5 Nxb5 29. axb5 Rb8 30. b6 Kd5 31. Kb3 g5 32.
Ka4 f4 33. Kb5 e4 34. c6 e3 35. fxe3 f3 36. e4+ Kxe4 37. Bc5 g4 38. hxg4 Re8 39. c7 Re5 40. c8=Q f2 41. Qc6+ Kd3 42. Qd6+ Kc2 43.
Qxe5 f1=Q+ 44. Kc6 Kb3 45. Qe6+ Kxb2 46. Bd4+ Kc2 47.
Qf5+ Qxf5 48. gxf5 a4 49. f6 Kd3 50. Be5 1-0

[Event "Late-Titled-Tuesday-Blitz-June-18-2024"]
[Site "Chess.com"]
[Date "2024.06.18"]
[Round "2"]
[White "dropstoneDP"]
[Black "scandalgod"]
[Result "1-0"]
[WhiteElo "2981"]
[BlackElo "2617"]
[TimeControl "180+1"]
[EndTime "14:19:36 PDT"]
[Termination "dropstoneDP won on time"]

1. e4 e5 2. Nf3 Nc6 3. Bb5 a6 4.
Bxc6 dxc6 5. O-O Bg4 6. h3 h5 7. d3 Qf6 8. Nbd2 Bd6 9. d4 Ne7 10. dxe5 Bxe5 11. Nc4 Rd8 12. Qxd8+ Kxd8 13. Bg5 Qe6 14.
Nfxe5 f6 15. hxg4 fxe5 16. Ne3 Kc8 17. Rad1 hxg4 18. Rd3 Ng6 19. Rfd1 b5 20. g3 Kb7 21. b3 Rh5 22. Bd8 Nf4 23. Rd7 Qh6 24. Bh4 Rxh4 25.
gxh4 Qxh4 26. R1d2 g3 27. f3 Nh3+ 28. Kf1 Nf2 29.
Rxg7 Qh1+ 30. Ke2 Nh3 31. Rdd7 Ng1+ 32. Kd3 Qxf3 33. Rxc7+ Kb8 34. Rb7+ Kc8 35. Rbc7+ Kb8 36. Rb7+ Kc8 37. Rbf7 Qe2+ 38. Kc3 Qxe3+ 39. Kb4 Qd2+ 40.
c3 Qd6+ 41. Ka5 Qd8+ 42. Kxa6 b4 43. Ra7 Qd3+ 44. c4 1-0

[Event "Late-Titled-Tuesday-Blitz-June-18-2024"]
[Site "Chess.com"]
[Date "2024.06.18"]
[Round "2"]
[White "Slovineanu"]
[Black "baki83"]
[Result "0-1"]
[WhiteElo "2555"]
[BlackElo "2810"]
[TimeControl "180+1"]
[EndTime "14:19:36 PDT"]
[Termination "baki83 won by resignation"]

1. d4 d5 2. Nf3 Nf6 3. c4 e6 4. e3 a6 5. c5 g6 6. b4 Bg7 7.
Bb2 O-O 8. Be2 Nc6 9. Qb3 Ne4 10. Nbd2 Nxd2 11. Nxd2 e5 12. dxe5 Nxe5 13. O-O Be6 14. Qc2 Bf5 15. Qb3 Be6 16. Qc2 Qf6 17. Bd4 Qe7 18.
Nf3 Nxf3+ 19. Bxf3 Bxd4 20. exd4 Qf6 21. Qd2 c6 22. Rfe1 Rfe8 23. Re5 a5 24. bxa5 Qd8 25. Rb1 Qxa5 26. Qxa5 Rxa5 27. Rxb7 Rxa2 28. h3 Rc8 29.
Re2 Ra4 30. Rd2 h5 31. g4 hxg4 32. Bxg4 Re8 33. Rc7 Bxg4 34. hxg4 Ra6 35. f3 Re3 36. Kg2 Kg7 37. g5 Raa3 38. Rf2 Re6 39. Rd2 Kf8 40. Kg3 Ree3 41. Rf2 Ra6 42. Kf4 Re7 43. Rxe7 Kxe7 44. Rb2 Ke6 45. Rb6 Rxb6 46. cxb6 Kd6 47. b7 Kc7 48. Ke5 Kxb7 49. Kf6 c5 50. dxc5 d4 51.
Kxf7 d3 0-1

[Event "Late-Titled-Tuesday-Blitz-June-18-2024"]
[Site "Chess.com"]
[Date "2024.06.18"]
[Round "2"]
[White "MaiqMaster"]
[Black "Andrey-Ivanov2011"]
[Result "1/2-1/2"]
[WhiteElo "2448"]
[BlackElo "2121"]
[TimeControl "180+1"]
[EndTime "14:19:36 PDT"]
[Termination "Game drawn by stalemate"]

1. e4 c5 2. Nc3 d6 3. Nge2 Nc6 4. d4 cxd4 5. Nxd4 Nf6 6. g3 a6 7. Bg2 e5 8. Nxc6 bxc6 9. O-O Be7 10. h3 O-O 11. Be3 Be6 12. b3 Qd7 13. Na4 Rab8 14. Kh2 d5 15. exd5 cxd5 16. Bc5 Rfd8 17. Qd3 e4 18.
Qxa6 Ra8 19. Qe2 Bxc5 20. Nxc5 Qc6 21. Nxe6 Qxe6 22. Rfd1 d4 23. a4 Rac8 24. a5 Rd6 25. a6 d3 26. cxd3 Rxa6 27. dxe4 Rxa1 28. Rxa1 Qxb3 29.
e5 Nd7 30. Qe4 Nc5 31. Qf5 Qe6 32. Qh5 h6 33. h4 Re8 34. Ra7 Nd3 35. f4 Nf2 36. f5 Qc4 37. e6 Ng4+ 38. Qxg4 Qxg4 39. exf7+ Kf8 40. fxe8=Q+ Kxe8 41. Ra5 Kf7 42. Rd5 Qc4 43.
Rd7+ Kf6 44. Rd5 Qc2 45. Kh3 h5 46. Kh2 g6 47. fxg6 Kxg6 48. Rg5+ Kh6 49. Kh3 Qc8+ 50. Kh2 Qc2 51. Kh3 Qc8+ 52. g4 hxg4+ 53. Rxg4 Kh5 54. Bf3 Qxg4+ 55. Bxg4+ Kh6 56. Kg3 Kh7 57. Kf4 Kh8 58. Kg5 Kg8 59. h5 Kh8 60. h6 Kg8 61. Bh5 Kh8 62.
Bg6 Kg8 63. Kh5 Kh8 64. Kg5 Kg8 65. Kf6 Kh8 66. Kf7 1/2-1/2

[Event "Late-Titled-Tuesday-Blitz-June-18-2024"]
[Site "Chess.com"]
[Date "2024.06.18"]
[Round "2"]
[White "unbreakablepawn35"]
[Black "Legit"]
[Result "0-1"]
[WhiteElo "2439"]
[BlackElo "2732"]
[TimeControl "180+1"]
[EndTime "14:19:37 PDT"]
[Termination "Legit won on time"]

1. c4 Nf6 2. Nc3 g6 3. e4 d6 4.
d4 Bg7 5. g3 O-O 6. Bg2 e5 7.
Nge2 exd4 8. Nxd4 Re8 9. O-O Nbd7 10. h3 c6 11. b3 Nc5 12. Re1 a5 13. Bb2 Qc7 14. a3 Bd7 15. Kh2 Rad8 16. f4 h5 17. b4 axb4 18. axb4 Ne6 19. Nxe6 Bxe6 20.
Qd3 h4 21. g4 d5 22. cxd5 Qxf4+ 23. Kh1 cxd5 24. exd5 Bc8 25. Rad1 Rxe1+ 26. Rxe1 Qxb4 27. Re2 Qb3 28. d6 Bf8 29. Qb5 Qxb5 30. Nxb5 Ne8 31. Nc7 Nxd6 32. Bf6 Rd7 33. Ne8 b5 34. Bxh4 Nxe8 35. Rxe8 Bb7 36. Bxb7 Rxb7 37. Bf6 b4 38.
Bb2 f5 39. gxf5 gxf5 40. Kg2 Kf7 41. Re5 Kg6 42. Re6+ Kh7 43. Kf3 b3 44. Rc6 Bg7 45. Bxg7 Kxg7 46. Rc1 b2 47. Rb1 Rb4 48. Ke3 Kg6 49. Kf3 Kg5 0-1

[Event "Late-Titled-Tuesday-Blitz-June-18-2024"]
[Site "Chess.com"]
[Date "2024.06.18"]
[Round "2"]
[White "WoodlandMagic"]
[Black "KChor05"]
[Result "1-0"]
[WhiteElo "2904"]
[BlackElo "2603"]
[TimeControl "180+1"]
[EndTime "14:19:38 PDT"]
[Termination "WoodlandMagic won by checkmate"]

1. Nf3 Nf6 2. d4 g6 3. Bf4 d6 4. e3 Bg7 5. h3 O-O 6. Be2 Nbd7 7. O-O b6 8. Bh2 Bb7 9. a4 a6 10. Re1 Ne4 11. Nbd2 e5 12. c3 Qe7 13. Qc2 f5 14. a5 b5 15. c4 b4 16. Rad1 c5 17.
dxe5 dxe5 18. Nxe4 Bxe4 19. Qa4 Rad8 20. Nd2 Bb7 21. Qc2 Nf6 22. Bf3 e4 23. Be2 Nd7 24. Nb3 Be5 25. Bxe5 Nxe5 26. Rxd8 Qxd8 27. Rd1 Qg5 28.
Nxc5 Bc8 29. Rd5 Nf3+ 30. Kf1 Nh2+ 31. Kg1 Nf3+ 32. Bxf3 exf3 33. g3 Qh6 34. h4 Qh5 35. Rd4 f4 36. Ne4 fxe3 37. fxe3 Bf5 38. Qf2 Kh8 39. Ng5 Qh6 40. Rf4 Qg7 41. Rxf3 Rd8 42. e4 Bg4 43. Nf7+ Kg8 44. Nxd8 Bxf3 45. Qxf3 Qd4+ 46. Qf2 Qxd8 47. Kg2 Qd3 48. Qf3 Qc2+ 49. Kh3 b3 50. e5 Qxb2 51. Qd5+ Kg7 52. e6 Kf6 53.
Qd7 Qe5 54. Qf7# 1-0